AoeStats
← Platypus

Arena

510444145Analyzed
4v4 RM · 2d ago on Oct 1, 2026· 25m 4s· 8 players
Game mode
Random Map
Map size
Large (8 player)
Population
200
Speed
Normal
Resources
Standard
Victory
Conquest
Starting age
Dark Age
Ending age
Imperial Age
RankedLock teamsTeams togetherTeam positionsShared explorationLock speedFull tech treeHidden civsTurbo modeCheats
Victory
Defeat
🇨🇷 Saxons · Costa Rica
1653
+13
🇲🇽 Franks · Mexico
1610
+14
🇲🇽 Teutons · Mexico
1418
+23
🇭🇳 Spanish · Honduras
1413
+22
🇺🇸 Italians · United States
1598
-19
🇨🇳 Wei · China
1574
-18
🇮🇳 Magyars · India
1563
-18
🇦🇷 Spanish · Argentina
1538
-17
The Bloody-Nine
7:18 Loom
7:55 Loom
9:40 Feudal Age
14:43 Castle Age
14:25 Double-Bit Axe
15:49 Fletching
Dark_Shelly
10:42 Feudal Age
12:24 Double-Bit Axe
14:52 Castle Age
14:06 Gold Mining
13:58 Horse Collar
16:29 Bow Saw
16:50 Fletching
20:19 Wheelbarrow
21:13 Heavy Plow
23:34 Stone Mining
23:35 Gold Mining
24:28 Gold Mining
Platypus
8:33 Feudal Age
8:59 Double-Bit Axe
8:55 Horse Collar
13:33 Wheelbarrow
16:40 Castle Age
15:39 Gold Mining
17:00 Loom
17:34 Bow Saw
20:25 Stone Mining
22:57 Hand Cart
24:13 Heavy Plow
Lauti
10:31 Feudal Age
11:09 Feudal Age
15:23 Castle Age
13:42 Horse Collar
14:16 Double-Bit Axe
16:52 Bow Saw
19:02 Wheelbarrow
22:47 Padded Archer Armor
Wazded
10:56 Feudal Age
14:26 Castle Age
13:12 Double-Bit Axe
17:02 Loom
17:24 Fletching
20:49 Bow Saw
22:14 Husbandry
22:52 Wheelbarrow
23:35 Stone Mining
23:36 Gold Mining
24:22 Hand Cart
Francisco Morazán
10:41 Feudal Age
11:22 Double-Bit Axe
11:20 Horse Collar
14:02 Castle Age
12:08 Double-Bit Axe
14:14 Loom
14:16 Horse Collar
17:26 Padded Archer Armor
25:28 Heavy Plow
SSVictorin
5:58 Loom
8:49 Feudal Age
10:33 Fletching
19:12 Horse Collar
23:59 Castle Age
23:43 Double-Bit Axe
23:51 Gold Mining
CR | Domador de Puercas
10:52 Feudal Age
14:30 Castle Age
12:20 Double-Bit Axe
13:14 Horse Collar
16:01 Bow Saw
20:17 Wheelbarrow
19:28 Loom
21:14 Heavy Plow
22:39 Gold Mining
22:39 Stone Mining
Connection lost

Rejoining the realm…

Still unreachable

The connection could not be restored.

Session expired

The server has moved on; the page needs a fresh start.